 Dungeon Crawl Stone Soup version 0.26-a0-597-gb535b0901c (webtiles) character file.

Game seed: 8621995318376970783

18106 Apogee the Grappler (level 12, -12/118 (119) HPs)
             Began as a Troll Fighter on Sept 12, 2020.
             Was an Elder of Qazlal.
             Mangled by a seven-headed hydra (13 damage)
             ... on level 13 of the Dungeon.
             The game lasted 00:19:39 (10556 turns).

Apogee the Grappler (Troll Fighter)                Turns: 10556, Time: 00:19:39

HP:   -12/118 (119) AC:  8    Str: 28    XL:     12   Next: 24%
MP:   11/11         EV: 13    Int: 10    God:    Qazlal [****..]
Gold: 127           SH: 21    Dex:  9    Spells: 11/11 levels left

rFire    . . .     SeeInvis .   b - +3 mace of Internal Strife {pain, Int+3}
rCold    . . .     Faith    .   x - +0 kite shield
rNeg     + . .     Spirit   .   a - +0 robe
rPois    .         Reflect  +   (helmet restricted)
rElec    +         Harm     .   w - +1 cloak
rCorr    .                      (gloves unavailable)
MR       .....                  (boots unavailable)
Stlth    +.........             O - amulet "Eviass" {Reflect rElec SH+5}
HPRegen  0.69/turn              (no ring)
MPRegen  0.12/turn              F - ring of positive energy

@: invisible, repel missiles
A: large, unfitting armour, claws 3, regeneration 1, shaggy fur 1, tough skin 3
a: Upheaval, Elemental Force, Renounce Religion


You were on level 13 of the Dungeon.
You worshipped Qazlal.
Qazlal was greatly pleased with you.
You visited 2 branches of the dungeon, and saw 14 of its levels.

You collected 637 gold pieces.
You spent 510 gold pieces at shops.

Inventory:

Hand Weapons
 b - the +3 mace of Internal Strife (weapon) {pain, Int+3}
   (You found it on level 4 of the Dungeon)

   In the hands of one skilled in necromantic magic, it inflicts extra damage on
   living creatures.
   It affects your intelligence (+3).
 L - the +5 scythe "Finisher" {speed, eviscerate}
   (You found it on level 10 of the Dungeon)

   Attacks with this weapon are significantly faster.
Missiles
 q - 307 stones (quivered)
 B - 9 large rocks
Armour
 a - a +0 robe (worn)
 w - a +1 cloak (worn)
   (You took it off Crazy Yiuf on level 4 of the Dungeon)
 x - a +0 kite shield (worn)
Jewellery
 f - an uncursed amulet of regeneration {unknown}
   (You found it on level 12 of the Dungeon)
 A - an uncursed ring of resist corrosion {unknown}
   (You found it on level 13 of the Dungeon)
 F - a ring of positive energy (right claw)
   (You found it on level 7 of the Dungeon)
 O - the amulet "Eviass" (around neck) {Reflect rElec SH+5}
   (You bought it in a shop on level 5 of the Dungeon)

   [amulet of reflection]

   It shields you and reflects attacks.
   It insulates you from electricity.
   It affects your SH (+5).
Wands
 d - a wand of iceblast (10)
   (You found it on level 9 of the Dungeon)
 t - a wand of flame (55)
   (You found it on level 4 of the Dungeon)
Scrolls
 c - a scroll of holy word {unknown}
 e - 2 scrolls of enchant armour {unknown}
 h - a scroll of identify {@r1}
 i - 8 scrolls of remove curse {@r2}
 m - 4 scrolls of fog
 o - 6 scrolls of teleportation {@r4}
 s - 5 scrolls of amnesia
 u - 2 scrolls of blinking {unknown}
 v - 2 scrolls of magic mapping {unknown}
 y - 2 scrolls of silence {unknown}
 z - 2 scrolls of fear {unknown}
 C - 4 scrolls of immolation {!r}
 G - a scroll of vulnerability {unknown}
 I - a scroll of brand weapon {unknown}
 M - a scroll of enchant weapon {unknown}
 N - a scroll of acquirement {unknown}
Potions
 g - 7 potions of lignification {!q}
 j - 3 potions of flight
 k - a potion of ambrosia {unknown}
 l - 3 potions of heal wounds {@q2}
 n - 2 potions of mutation {!q}
 p - a potion of haste {unknown}
 r - 2 potions of stabbing {unknown}
 D - a potion of invisibility
 E - 3 potions of curing {@q1}
 J - a potion of degeneration {unknown}
 K - 2 potions of brilliance {unknown}


   Skills:
 + Level 8.0 Fighting
 + Level 8.1 Dodging
 + Level 8.1 Shields
 - Level 12.5 Unarmed Combat
 * Level 2.0 Evocations


You had 11 spell levels left.
You didn't know any spells.
Your spell library contained the following spells:

 Spells                   Type           Power        Failure   Level
 Confusing Touch          Hex            #.......     80%         3
 Gell's Gravitas          Tloc           #.........   80%         3
 Petrify                  Tmut/Erth      #.......     99%         4
 Metabolic Englaciation   Hex/Ice        #.........   100%        5
 Yara's Violent Unravell  Hex/Tmut       #.........   100%        5


Dungeon Overview and Level Annotations

Branches:
Dungeon (13/15)            Temple (1/1) D:7            Lair (0/6) D:8
    Orc (0/2) D:12
 Vaults: D:13-14

Altars:
Ashenzari
Cheibriados
Dithmenos
Elyvilon
Fedhas
Gozag
Hepliaklqana
Kikubaaqudgha
Makhleb
Nemelex Xobeh
Okawaru
Qazlal
Ru
Sif Muna
Trog
Uskayaw
Vehumet
Wu Jian
Xom
Yredelemnul
Zin
The Shining One

Shops:
D:4 *   D:5 =   D:6 ?

Annotations:
D:8 3 runed translucent doors, HoaS's ghost, novice FoFi
D:11 2 transporters, Lanoc's ghost, journeyman DrIE


Innate Abilities, Weirdness & Mutations

You are too large for most types of armour.
You have claws for hands.
Your natural rate of healing is unusually fast.
You are covered in fur. (AC +1)
You have extremely tough skin. (AC +3)


Message History

The seven-headed hydra bites you.
You block the seven-headed hydra's attack. x4
The seven-headed hydra bites you!
You sock the seven-headed hydra! The seven-headed hydra bites you!
You block the seven-headed hydra's attack.
The seven-headed hydra completely misses you.
You block the seven-headed hydra's attack.
The seven-headed hydra bites you but does no damage.
The seven-headed hydra bites you.
You block the seven-headed hydra's attack.
You barely miss the seven-headed hydra. The seven-headed hydra bites you.
You block the seven-headed hydra's attack. x2
The seven-headed hydra bites you! The seven-headed hydra bites you.
The seven-headed hydra closely misses you. x2
The seven-headed hydra bites you.
* * * LOW HITPOINT WARNING * * *
You block the seven-headed hydra's attack.
The seven-headed hydra bites you!
* * * LOW HITPOINT WARNING * * *
The seven-headed hydra bites you!
* * * LOW HITPOINT WARNING * * *
The seven-headed hydra bites you!
* * * LOW HITPOINT WARNING * * *
The seven-headed hydra misses you.
The seven-headed hydra barely misses you.
Aim: a seven-headed hydra (lightly wounded) That beam is likely to hit you.
Continue anyway?
You fail to use your ability.
You block the seven-headed hydra's attack.
The seven-headed hydra closely misses you.
The seven-headed hydra bites you but does no damage.
You block the seven-headed hydra's attack.
The seven-headed hydra bites you!
* * * LOW HITPOINT WARNING * * *
The seven-headed hydra bites you!
* * * LOW HITPOINT WARNING * * *
The seven-headed hydra bites you!
* * * LOW HITPOINT WARNING * * *
You fade into invisibility!
The seven-headed hydra is engulfed in freezing vapours.
The seven-headed hydra seems to slow down.
You block the seven-headed hydra's attack.
The seven-headed hydra bites you.
* * * LOW HITPOINT WARNING * * *
You block the seven-headed hydra's attack.
The seven-headed hydra bites you.
* * * LOW HITPOINT WARNING * * *
The seven-headed hydra bites you but does no damage.
The seven-headed hydra bites you!
You die...

....# #............#
....# #..........#..#
....# ###..........#
.#
....#####............#
....##....#..........#
.......####.....°...°#
....#### #....○.○...#
....# #.....D○...#
....# #.....@.○..#
....# ############
#####


You could see a seven-headed hydra (slow).

Vanquished Creatures
  3 two-headed ogres
  3 skeletal warriors (D:13)
  An unseen horror (D:10)
  An ugly thing (D:11)
  A cyclops (D:12)
  A gargoyle (D:10)
  2 trolls
  A hornet (D:13)
  A blink frog (shapeshifter) (D:13)
  A hippogriff (D:7)
  6 wraiths
  Eustachio (D:4)
  A shadow (D:12)
  21 yaks
  3 wyverns
  6 vampire mosquitoes
  Duvessa (D:6)
  A phantom (D:5)
  An ice beast (D:10)
  6 sky beasts
  2 necrophages
  4 orc warriors
  10 ogres
  2 centaurs
  A big kobold (D:10)
  A crocodile (D:10)
  11 bullfrogs
  A gnoll sergeant (D:8)
  Dowan (D:6)
  3 scorpions
  8 killer bees
  2 howler monkeys
  16 wights
  2 bullfrog zombies
  2 hounds
  A quasit (D:8)
  3 jellies
  Crazy Yiuf (D:4)
  A bullfrog skeleton (D:12)
  2 centaur skeletons
  12 orc priests
  4 iguanas
  13 orc wizards
  11 worker ants
  A hound zombie (D:6)
  A worker ant zombie (D:9)
  A howler monkey skeleton (D:11)
  8 gnolls
  14 adders
  A shadow imp (D:9)
  2 white imps (D:6)
  2 ufetubi (D:8)
  An ooze (D:5)
  2 adder skeletons
  2 worms
  3 dart slugs
  3 leopard geckos
  41 orcs
  4 bats
  2 giant cockroaches
  4 goblins
  12 hobgoblins
  9 jackals
  3 quokkas
  2 ball pythons (D:3)
  6 frilled lizards
  11 kobolds
  A quokka skeleton (D:6)
  A quokka zombie (D:8)
  9 rats
322 creatures vanquished.

Vanquished Creatures (others)
  3 plants (D:8)
3 creatures vanquished.

Grand Total: 325 creatures vanquished

Notes
Turn   | Place    | Note
-------+----------+-------------------------------------------
     0 | D:1      | Apogee the Troll Fighter began the quest for the Orb.
     0 | D:1      | Reached XP level 1. HP: 22/22 MP: 0/0
   187 | D:1      | Reached XP level 2. HP: 26/29 MP: 1/1
   853 | D:2      | Reached XP level 3. HP: 32/36 MP: 2/2
   944 | D:2      | Reached skill level 3 in Unarmed Combat
   954 | D:2      | Reached XP level 4. HP: 44/44 MP: 3/3
  1734 | D:3      | Reached XP level 5. HP: 53/53 MP: 4/4
  1876 | D:3      | Noticed an ogre
  2011 | D:3      | Killed an ogre
  2011 | D:3      | Reached skill level 4 in Unarmed Combat
  2279 | D:4      | Found Jalevolu's Assorted Antiques.
  2286 | D:4      | Reached XP level 6. HP: 59/61 MP: 5/5
  2603 | D:4      | Reached skill level 5 in Unarmed Combat
  2603 | D:4      | Reached XP level 7. HP: 67/67 MP: 6/6
  2724 | D:4      | Noticed Eustachio
  2738 | D:4      | Killed Eustachio
  2866 | D:4      | Found a runed translucent door.
  2867 | D:4      | Noticed Crazy Yiuf
  3000 | D:4      | Killed Crazy Yiuf
  3006 | D:4      | Got a crude mace
  3007 | D:4      | Identified the +3 mace of Internal Strife {pain, Int+3}
                  | (You found it on level 4 of the Dungeon)
  3115 | D:5      | Entered Level 5 of the Dungeon
  3374 | D:5      | Found Elemmy's Jewellery Shop.
  3402 | D:5      | Reached skill level 6 in Unarmed Combat
  3454 | D:5      | Reached XP level 8. HP: 78/78 MP: 7/7
  3521 | D:5      | Found a glowing golden altar of the Shining One.
  3524 | D:5      | You fall into a shaft and drop 1 floor!
  3599 | D:6      | Found Qontium's Magic Scroll Shoppe.
  3603 | D:6      | Bought a scroll of identify for 26 gold pieces
  3735 | D:6      | Found a shadowy altar of Dithmenos.
  3937 | D:6      | Noticed Dowan
  3937 | D:6      | Noticed Duvessa
  3943 | D:6      | Killed Dowan
  3951 | D:6      | Killed Duvessa
  3951 | D:6      | Reached skill level 7 in Unarmed Combat
  4729 | D:7      | Noticed a hippogriff
  4737 | D:7      | Killed a hippogriff
  4737 | D:7      | Reached skill level 5 in Fighting
  4737 | D:7      | Reached skill level 5 in Dodging
  4737 | D:7      | Reached skill level 5 in Shields
  4737 | D:7      | Reached XP level 9. HP: 77/88 MP: 8/8
  4978 | D:7      | Found a staircase to the Ecumenical Temple.
  5002 | Temple   | Entered the Ecumenical Temple
  5121 | Temple   | Became a worshipper of Qazlal Stormbringer
  5320 | D:7      | Found a snail-covered altar of Cheibriados.
  5576 | D:8      | Found a runed translucent gate.
  5577 | D:8      | Found a runed translucent gate.
  5582 | D:8      | Reached skill level 8 in Unarmed Combat
  5611 | D:8      | Found a runed translucent gate.
  5638 | D:8      | Noticed a nine-headed hydra
  5638 | D:8      | Noticed HoaS's ghost (novice FoFi)
  5705 | D:8      | Noticed a two-headed ogre
  5715 | D:8      | Killed a two-headed ogre
  5835 | D:8      | Found a staircase to the Lair.
  5873 | D:8      | Reached skill level 9 in Unarmed Combat
  5935 | D:8      | Reached * piety under Qazlal
  6316 | D:9      | Noticed a two-headed ogre
  6330 | D:9      | Killed a two-headed ogre
  6330 | D:9      | Reached XP level 10. HP: 35/98 MP: 9/9
  6578 | D:8      | Reached skill level 10 in Unarmed Combat
  6932 | D:9      | Reached ** piety under Qazlal
  7331 | D:9      | Found an opulent altar of Gozag.
  7387 | D:10     | Entered Level 10 of the Dungeon
  7408 | D:9      | HP: 5/100 [orc priest (3)]
  7624 | D:10     | Killed an unseen horror
  7629 | D:10     | Reached XP level 11. HP: 49/107 MP: 10/10
  7725 | D:10     | Reached skill level 11 in Unarmed Combat
  7894 | D:10     | Found the +5 scythe "Finisher" {speed, eviscerate}
  7941 | D:10     | Reached *** piety under Qazlal
  8452 | D:11     | Noticed a red ugly thing
  8461 | D:11     | Killed a red ugly thing
  8851 | D:11     | Noticed a two-headed ogre
  8852 | D:11     | Found a bloodstained altar of Trog.
  8854 | D:11     | Found a transporter.
  8854 | D:11     | Identified the cursed +1 war axe of the Dove {protect, rF+
                  | MP+9}
  8902 | D:11     | Noticed Lanoc's ghost (journeyman DrIE)
  8907 | D:11     | Found a transporter.
  9187 | D:12     | Reached skill level 12 in Unarmed Combat
  9523 | D:5      | Bought the amulet "Eviass" {Reflect rElec SH+5} for 484
                  | gold pieces
  9764 | D:12     | Found a staircase to the Orcish Mines.
  9804 | D:12     | Reached **** piety under Qazlal
 10116 | D:13     | Noticed a two-headed ogre
 10123 | D:13     | Killed a two-headed ogre
 10123 | D:13     | Reached XP level 12. HP: 118/118 MP: 11/11
 10188 | D:13     | Reached skill level 1 in Evocations
 10540 | D:13     | Noticed a seven-headed hydra
 10551 | D:13     | HP: 2/118 [seven-headed hydra (7)]
 10556 | D:13     | HP: 4/118 [seven-headed hydra (1)]
 10556 | D:13     | HP: 1/118 [seven-headed hydra (3)]
 10556 | D:13     | Mangled by a seven-headed hydra

Illustrated notes

Levels and vault maps discovered:
D:1:      psy_arrival_terrarium, layout_basic
D:2:      layout_basic, st_stairs_1, minmay_misc_feat_cross, corexii_shack,
          kennysheep_minor_cross, minmay_strange_pillars
D:3:      layout_rooms
D:4:      layout_loops_ring, serial_shops, shop, uniq_eustachio,
          uniq_crazy_yiuf_cottage
D:5:      layout_basic, serial_shops, kennysheep_mini, gup_sewer_entry_pipe,
          basic_altar, grunt_ministairs_7, kennysheep_generic_room_15
D:6:      layout_layer_cave, serial_shops, nicolae_shop_stone,
          nicolae_dithmenos_shadow_blocks, uniq_duvessa
D:7:      layout_basic, cheibriados_altar_1, minmay_temple_entry_tees
D:8:      cheibrodos_iron_armory, layout_rooms, dpeg_oklobed_lair,
          gammafunk_ghost_hydra_chop
D:9:      layout_basic, nicolae_gozag_seed_capital
D:10:     layout_basic, minmay_guarded_unrand_finisher
D:11:     layout_loops_cross, gammafunk_ghost_wrathful_warriors
D:12:     layout_rooms, orc_0_dummy
D:13:     layout_roguey, minmay_joined_circles
Temple:   compressed_dpeg_circular_temple

Skill      XL: |  1  2  3  4  5  6  7  8  9 10 11 12 |
---------------+-------------------------------------+-----
Unarmed Combat | 3 4 5 6 7 9 10 12 | 12.5
Dodging        | 3 4 5 6 7 8 |  8.1
Shields        | 3 4 5 6 7 8 |  8.1
Fighting       | 3 4 5 6 7 8 |  8.0
Evocations     | 2 |  2.0

Action                   |  1- 3 |  4- 6 |  7- 9 | 10-12 || total
-------------------------+-------+-------+-------+-------++-------
Melee: Unarmed           |   113 |   143 |   283 |   544 ||  1083
       Mace              |       |       |       |     2 ||     2
Throw: Stone             |       |     3 |       |       ||     3
Evoke: Wand              |       |       |     6 |       ||     6
  Use: Potion            |       |       |       |     2 ||     2
       Scroll            |       |       |       |    12 ||    12
 Stab: Sleeping          |     1 |     2 |       |       ||     3
Armor: Robe              |    40 |    20 |    50 |    84 ||   194
Dodge: Dodged            |    38 |    39 |   103 |   143 ||   323
Block: Kite shield       |    66 |    54 |   124 |   341 ||   585

Table legend: (Time is in decaauts)
 A = Elapsed time spent in this place.
 B = Non-inter-level travel time spent in this place.
 C = Inter-level travel time spent in this place.
 D = Time resting spent in this place.
 E = Time spent auto-exploring this place.
 F = Levels seen in this place.
 G = Mean time per level.
                   A        B        C        D        E       F      G
               +--------+--------+--------+--------+--------+-----+--------+
         Total |  10484 |   9905 |    579 |    708 |   6786 |  14 |  748.9 |
       Dungeon |  10331 |   9784 |    547 |    708 |   6782 |  13 |  794.7 |
        Temple |    152 |    120 |     32 |      0 |      4 |   1 |  152.0 |
               +--------+--------+--------+--------+--------+-----+--------+

Top non-repeatable levels by time:
     D:6: 1233 daAuts
     D:8: 1045 daAuts
     D:9: 1003 daAuts
     D:2: 964 daAuts
     D:4: 832 daAuts
    D:11: 797 daAuts
    D:10: 784 daAuts
     D:7: 771 daAuts
     D:1: 766 daAuts
    D:13: 662 daAuts
     D:3: 552 daAuts
     D:5: 459 daAuts
    D:12: 458 daAuts
  Temple: 152 daAuts
